 Dungeon Crawl Stone Soup version 0.22-a0-231-g1b571ea (webtiles) character file.

122 Serpenta the Firebug (level 5, -1/28 HPs)
             Began as a Kobold Fire Elementalist on Feb 20, 2018.
             Slain by a kobold (4 damage)
             ... on level 3 of the Dungeon.
             The game lasted 00:08:26 (2641 turns).

Serpenta the Firebug (Kobold Fire Elementalist)     Turns: 2641, Time: 00:08:27

Health: -1/28      AC:  2    Str:  5    XL:     5   Next: 27%
Magic:  9/9        EV: 15    Int: 21    God:
Gold:   106        SH:  0    Dex: 16    Spells: 2/10 levels left

rFire    . . .     SeeInvis .   t - +0 dagger (venom)
rCold    . . .     Gourm    .   (shield restricted)
rNeg     . . .     Faith    .   a - +0 robe
rPois    .         Spirit   .   (no helmet)
rElec    .         Reflect  .   (no cloak)
rCorr    .         Harm     .   (no gloves)
MR       .....                  (no boots)
Stlth    ++........             (no amulet)
HPRegen  0.09/turn              g - +4 ring of intelligence
MPRegen  0.11/turn              (no ring)

@: no status effects
A: small, carnivore
a: no special abilities


You were on level 3 of the Dungeon.
You were completely stuffed.

You visited 1 branch of the dungeon, and saw 3 of its levels.

You collected 106 gold pieces.


Innate Abilities, Weirdness & Mutations

You are small and have problems with some larger weapons.
You are carnivorous and can eat meat at any time.


   Skills:
 - Level 2.4 Dodging
 - Level 2.6 Stealth
 + Level 3.2 Spellcasting
 * Level 3.3 Conjurations
 + Level 3.7 Fire Magic


You had 2 spell levels left.
You knew the following spells:

 Your Spells              Type           Power        Failure   Level  Hunger
A - Flame Tongue          Conj/Fire      ###..        3%          1    None
B - Conjure Flame         Conj/Fire      ###.....     9%          3    ###....
C - Sticky Flame          Conj/Fire      ###.....     30%         4    ####...

Action                   |  1- 3 |  4- 6 || total
-------------------------+-------+-------++-------
Melee: Unarmed           |     8 |       ||     8
       Dagger            |     5 |    43 ||    48
 Cast: Flame Tongue      |    51 |    35 ||    86
  Use: Scroll            |     5 |     2 ||     7
       Potion            |       |     2 ||     2
 Stab: Sleeping          |     2 |     3 ||     5
  Eat: Chunk             |    10 |     4 ||    14
Armor: Robe              |     8 |     6 ||    14
Dodge: Dodged            |    30 |    45 ||    75

Inventory:

Hand Weapons
 o - a cursed +0 short sword
 t - a +0 dagger of venom (weapon)
Armour
 a - a +0 robe (worn)
Jewellery
 g - a +4 ring of intelligence (left hand)
Wands
 r - a wand of clouds (6)
Scrolls
 f - 2 scrolls of remove curse
 h - a scroll of enchant armour {unknown}
 i - 4 scrolls of teleportation
 j - a scroll of immolation {unknown}
 l - a scroll of fog {unknown}
 m - a scroll of magic mapping {unknown}
 n - a scroll of fear
Potions
 c - a potion of ambrosia
 d - a potion of flight {unknown}
 e - 2 potions of agility {unknown}
 p - a potion of lignification {unknown}
 q - a potion of resistance {unknown}
 s - a potion of brilliance {unknown}
Comestibles
 b - 5 rations

########## #. #........# #
#.# #.######.# # #. #.#.#
#<# #.# ######
#..#...####.# #.#.......
#....#...##.######.########
#..#.#.#.##.#...)..# #
#....#.#.##.#.#############
##...#...K@.#..g#...g......
#......#.######.ggg...g....
#.............#############
#######....###.####.#..#
#...# ...............#
#.#((####...###
............#..#
#.#............
..........###..#
#.............g
...<...........#
#....(......g..
..........#....#
#..............


You could see a kobold.

Vanquished Creatures
  Robin (D:3)
  A gnoll (D:2)
  3 adders (D:2)
  An ooze (D:2)
  A dart slug (D:1)
  2 leopard geckos
  7 bats
  4 giant cockroaches
  14 goblins
  12 hobgoblins
  6 kobolds
  A frilled lizard (D:3)
  7 rats
60 creatures vanquished.

Vanquished Creatures (others)
  A bat (D:3)
1 creature vanquished.

Grand Total: 61 creatures vanquished

Vault maps used:
D:1:      minmay_arrival_split_and_join
D:2:      wad_crossroads, minmay_misc_feat_chi, serial_bayou_pond_e
D:3:      old_standard_altar, hangedman_decor_lopped, due_unseen_surprise,
          uniq_robin


Message History

It is a wand of acid (5).
Casting: Flame Tongue (safe; 3% risk of failure)
Confirm with . or Enter, or press ? or * to list all spells.
Aiming: Flame Tongue (safe; 3% risk of failure)
Press: ? - help, Shift-Dir - straight line, f - hobgoblin
Aim: a hobgoblin, wielding a falchion and carrying a wand of acid (5)
The flame tongue hits the hobgoblin.
The hobgoblin is almost dead.
The hobgoblin zaps a wand.
The bolt of acid misses you.
Casting: Flame Tongue (safe; 3% risk of failure)
Confirm with . or Enter, or press ? or * to list all spells.
Aiming: Flame Tongue (safe; 3% risk of failure)
Press: ? - help, Shift-Dir - straight line, f/p - hobgoblin
Aim: a hobgoblin, wielding a falchion and carrying a wand of acid (4) (almost dead)
The flame tongue hits the hobgoblin.
You kill the hobgoblin!
An orc comes into view. It is wielding a flail.
You see here a club.
The kobold hits you.
You die...

Notes
Turn   | Place    | Note
-------+----------+-------------------------------------------
     0 | D:1      | Serpenta the Kobold Fire Elementalist began the quest for the Orb.
     0 | D:1      | Reached XP level 1. HP: 10/10 MP: 3/3
   263 | D:1      | Reached XP level 2. HP: 15/15 MP: 3/5
   695 | D:1      | Reached XP level 3. HP: 15/19 MP: 2/6
  1181 | D:2      | Learned a level 3 spell: Conjure Flame
  1288 | D:2      | Reached XP level 4. HP: 8/24 MP: 2/8
  1980 | D:3      | Noticed Robin
  2241 | D:3      | Killed Robin
  2241 | D:3      | Reached XP level 5. HP: 25/28 MP: 2/9
  2487 | D:3      | Learned a level 4 spell: Sticky Flame
  2609 | D:3      | Found an ornate altar of the Wu Jian Council.
  2619 | D:3      | HP: 1/28 [acid[Robin] (15)]
  2641 | D:3      | Slain by a kobold
